 Dungeon Crawl Stone Soup version 0.30-a0-782-ge64f9170bb (webtiles) character file.

Game seed: 8193988221972576785

5296 112233 the Zephyrmancer (level 10, 0/56 HPs)
             Began as an Octopode Air Elementalist on Feb 25, 2023.
             Was an Initiate of Gozag.
             Slain by a skeletal warrior
             ... wielding a +0 halberd
              (34 damage)
             ... on level 11 of the Dungeon.
             The game lasted 00:13:28 (12545 turns).

112233 the Zephyrmancer (OpAE)                     Turns: 12545, Time: 00:13:29

Health: 0/56       AC:  2    Str: 10    XL:     10   Next: 63%
Magic:  7/24       EV: 13    Int: 23    God:    Gozag
Gold:   951        SH:  0    Dex: 14    Spells: 19/29 levels left

rFire   + . .      SeeInvis +    f - +2 dagger (freeze)
rCold   . . .      Faith    .    (no shield)
rNeg    + . .      Spirit   .    g - +1 hat of Egumo Fou {Contam rF+ rCorr Slay+2}
rPois   .          Reflect  .    (no amulet)
rElec   .          Harm     .    u - ring of Eternity {Drain Fly rN+ Str+3 Int+2}
rCorr   +          Rampage  .    v - ring of see invisible
Will    .....                    (no ring)
Stlth   +++                      (no ring)
HPRegen 0.29/turn                (no ring)
MPRegen 0.19/turn                (no ring)
                                 (no ring)
                                 (no ring)

@: about to teleport, flying
A: almost no armour, amphibious, 8 rings, camouflage 1, gelatinous body 1,
(nimble swimmer 1), tentacles, screaming 1
a: Renounce Religion, Potion Petition, Call Merchant, Bribe Branch


You were on level 11 of the Dungeon.
You worshipped Gozag.
Gozag was pleased with you.
You visited 2 branches of the dungeon, and saw 10 of its levels.
You visited the Abyss 1 time.
You also visited: Sewer.

You collected 1576 gold pieces.
You spent 490 gold pieces at shops.
You paid 135 gold pieces to Gozag.

Inventory:

Hand Weapons
 f - a +2 dagger of freezing (weapon)
 t - the +9 war axe of Firrim {antimagic, rElec rPois Str+4}
   (You found it on level 7 of the Dungeon)

   Str:       It affects your strength (+4).
   rElec:     It insulates you from electricity.
   rPois:     It protects you from poison.
Armour
 g - the +1 hat of Egumo Fou (worn) {Contam rF+ rCorr Slay+2}
   (You acquired it on level 6 of the Dungeon)

   Slay:      It affects your accuracy & damage with ranged weapons and melee
   (+2).
   rF:        It protects you from fire.
   Contam:    It causes magical contamination when unequipped.
   rCorr:     It protects you from acid and corrosion.
Jewellery
 r - an amulet of guardian spirit
 u - the ring of Eternity (left tentacle) {Drain Fly rN+ Str+3 Int+2}
   (You bought it in a shop on level 8 of the Dungeon)

   [ring of positive energy]

   Str:       It affects your strength (+3).
   Int:       It affects your intelligence (+2).
   rN:        It protects you from negative energy.
   Fly:       It grants you flight.
   Drain:     It drains your maximum health when unequipped.
 v - a ring of see invisible (right tentacle)
 A - a ring of protection from fire
Wands
 c - a wand of flame (20) (quivered)
 m - a wand of polymorph (4)
 y - a wand of roots (1)
Scrolls
 b - 2 scrolls of vulnerability
 d - 2 scrolls of identify
 h - 6 scrolls of enchant weapon
 j - a scroll of teleportation
 o - 2 scrolls of fog
 p - a scroll of immolation
 q - a scroll of amnesia
 s - a scroll of fear
Potions
 a - a potion of magic
 e - 3 potions of curing
 i - 2 potions of flight
 k - a potion of brilliance
 l - a potion of invisibility
 w - a potion of degeneration {unknown}
 x - a potion of might
 z - a potion of attraction {unknown}


   Skills:
 - Level 2.0 Dodging
 - Level 2.6 Stealth
 + Level 10.3 Spellcasting
 - Level 1.0 Conjurations
 + Level 11.4 Air Magic


You had 19 spell levels left.
You knew the following spells:

 Your Spells              Type           Power      Damage    Failure   Level
a - Shock                 Conj/Air       100%       1d9       1%          1
b - Static Discharge      Conj/Air       80%        2-6/arc   1%          2
c - Airstrike             Air            29%        2d(5-21)  1%          4
d - Swiftness             Air            59%        N/A       1%          3

Your spell library contained the following spells:

 Spells                   Type           Power      Damage    Failure   Level
 Magic Dart               Conj           64%        1d6       3%          1
 Summon Small Mammal      Summ           44%        N/A       5%          1
 Searing Ray              Conj           32%        2d5       5%          2
 Call Canine Familiar     Summ           11%        N/A       17%         3
 Summon Guardian Golem    Hex/Summ       11%        N/A       17%         3
 Fulminant Prism          Conj/Hex       7%         3d7       41%         4
 Conjure Ball Lightning   Conj/Air       20%        3x3d6     54%         6
 Iskenderun's Battlesphe  Conj           16%        2d7       69%         5
 Fireball                 Conj/Fire      7%         3d5       77%         5
 Orb of Destruction       Conj           8%         9d6       100%        7


Dungeon Overview and Level Annotations

Branches:
Dungeon (11/15)            Temple (1/1) D:7           Sewer (visited)
   Lair: D:8-11         Orc: D:9-12

Altars:
Ashenzari
Dithmenos
Elyvilon
Fedhas
Gozag
Hepliaklqana
Makhleb
Qazlal
Ru
Sif Muna
Trog
Uskayaw
Vehumet
Wu Jian
Xom
Yredelemnul
Zin
The Shining One

Shops:
D:8 *:=

Annotations:
D:5 exclusion: downstairs
D:6 1 runed translucent door, 0netwelve's ghost, novice HOMo; Duvessa
D:7 2 runed translucent doors, Crazy Yiuf


Innate Abilities, Weirdness & Mutations

You cannot wear most types of armour.
You are amphibious.
You can wear up to eight rings at the same time.
Your skin changes colour to match your surroundings (Stealth+).
Your rubbery body absorbs attacks. (AC +1, EV +1)
((You are camouflaged when in or above water. (Stealth+)))
You have tentacles for arms and can constrict up to eight enemies at once.
You occasionally shout uncontrollably at your foes.


Message History

The grasping roots constrict the skeletal warrior.
The skeletal warrior struggles to escape constriction.
Unknown command.
Unknown command.
The grasping roots constrict the skeletal warrior, but do no damage.
The roots release their grip on the skeletal warrior.
Okay, then.
Aiming: Fastroot
Press: ? - help, Shift-Dir - straight line, f/p - skeletal warrior
Aim: a skeletal warrior, wielding a +0 halberd (heavily damaged)
The roots erupt in riotous growth!
Roots grab the skeletal warrior.
The grasping roots constrict the skeletal warrior.
The skeletal warrior misses you.
Unknown command.
Casting: Airstrike (dangerous; 1% risk of failure)
Confirm with . or Enter, or press ? or * to list all spells.
Aiming: Airstrike (dangerous; 1% risk of failure)
Press: ? - help, Dir - move target, f/p - skeletal warrior
Aim: a skeletal warrior, wielding a +0 halberd (heavily damaged, constricted by roots, empty space bonus: 8/8)
The air twists around and strikes the skeletal warrior but does no damage.
The grasping roots constrict the skeletal warrior.
The roots release their grip on the skeletal warrior.
The skeletal warrior hits you from afar with a +0 halberd!
Unknown command.
Unknown command.
The skeletal warrior closely misses you.
There is an open door here.
There is an open door here.
There is an open door here.
The skeletal warrior hits you from afar with a +0 halberd!
A skeletal warrior comes into view. It is wielding a +0 trident.
The skeletal warrior hits you with a +0 trident.
As you read the scroll of teleportation, it crumbles to dust.
You feel strangely unstable.
The skeletal warrior hits you with a +0 trident.
The skeletal warrior hits you from afar with a +0 halberd!!
Ouch! That really hurt!
You die...
Your body crumbles into a pile of gold.

#...z.....# ########.##
##'######## ###..# #...#
#.z.## ###.#### ####'#####
#.....# ###........# #.....#
#.'........# #.....#
#.#...)....#
#.....####z#........#
#.....##.@.#........#
#......z.###.....<..######
#)....#### #........'.....
##.#### #........###### #.##
#####.#### #..# ####).##### #
##.# #.........####
######'#########.........#...
#..........#...'.........#.##


You could see 2 skeletal warriors.

Vanquished Creatures
  Erolcha (D:11)
  A two-headed ogre (D:11)
  A skeletal warrior (D:11)
  A deep elf pyromancer (D:11)
  Joseph (D:8)
  A troll (D:11)
  Grinder (D:6)
  A ynoxinul (Abyss:1)
  Menkaure (D:4)
  A steam dragon (D:6)
  A water moccasin (D:6)
  An orc warrior (D:7)
  A black bear (D:7)
  An ice beast (D:7)
  2 necrophages
  4 scorpions
  5 wights
  Dowan (D:6)
  3 howler monkeys (D:8)
  4 jellies
  A hound (Sewer)
  An iguana (D:5)
  7 orc priests
  3 orc wizards
  Terence (D:2)
  Natasha (thrice) (D:3)
  6 adders
  12 gnolls
  2 ufetubi (D:5)
  A worm (D:5)
  6 dart slugs
  35 orcs
  9 bats
  10 endoplasms
  6 giant cockroaches
  10 goblins
  11 hobgoblins
  2 jackals (D:2)
  8 kobolds
  A quokka (D:1)
  3 ball pythons
  2 frilled lizards (D:1)
  6 rats
179 creatures vanquished.

Notes
Turn   | Place    | Note
-------+----------+-------------------------------------------
     0 | D:1      | 112233 the Octopode Air Elementalist began the quest for
                  | the Orb.
     0 | D:1      | Reached XP level 1. HP: 11/11 MP: 3/3
   199 | D:1      | Reached XP level 2. HP: 17/17 MP: 1/5
   720 | D:1      | Reached XP level 3. HP: 19/21 MP: 1/6
  1664 | D:2      | Noticed Terence
  1673 | D:2      | Killed Terence
  1674 | D:2      | Reached skill level 4 in Air Magic
  1674 | D:2      | Reached XP level 4. HP: 17/27 MP: 0/8
  2767 | D:3      | Noticed Natasha
  2771 | D:3      | Killed Natasha
  2772 | D:3      | Reached XP level 5. HP: 31/31 MP: 2/10
  2928 | D:3      | Noticed Natasha
  2933 | D:3      | Killed Natasha
  3077 | D:3      | Learned a level 2 spell: Static Discharge
  3126 | D:4      | Gained mutation: You occasionally shout uncontrollably at
                  | your foes. [potion of mutation]
  3220 | D:4      | Identified a scroll of acquirement
  3227 | D:4      | Acquired 912 gold pieces
  3311 | D:4      | Noticed Sigmund
  3319 | D:4      | Sigmund changed into Sigmund the endoplasm
  3319 | D:4      | Noticed Sigmund
  3323 | D:4      | Killed Sigmund the endoplasm
  3400 | D:4      | Reached skill level 5 in Air Magic
  3400 | D:4      | Reached XP level 6. HP: 36/36 MP: 4/12
  4077 | D:4      | Noticed Menkaure
  4083 | D:4      | Killed Menkaure
  4342 | D:3      | Reached XP level 7. HP: 41/41 MP: 9/14
  4431 | D:3      | Noticed Natasha
  4437 | D:3      | Killed Natasha
  4438 | D:3      | Reached skill level 5 in Spellcasting
  4796 | D:3      | Reached skill level 6 in Air Magic
  4801 | D:3      | Learned a level 4 spell: Airstrike
  4805 | D:3      | Learned a level 3 spell: Swiftness
  5196 | D:5      | Entered Level 5 of the Dungeon
  5203 | D:5      | Noticed Duvessa
  5211 | D:5      | Noticed Dowan
  6009 | D:6      | Noticed a steam dragon
  6011 | D:6      | Killed a steam dragon
  6093 | D:6      | Found a glowing drain.
  6102 | Sewer    | Entered a sewer
  6149 | Sewer    | Noticed Pargi
  6156 | Sewer    | Pargi changed into Pargi the hound
  6156 | Sewer    | Noticed Pargi
  6160 | Sewer    | Killed Pargi the hound
  6378 | D:6      | Acquired the +1 hat of Egumo Fou {Contam rF+ rCorr Slay+2}
  6429 | D:6      | Noticed Grinder
  6446 | D:6      | Killed Grinder
  6447 | D:6      | Reached skill level 7 in Air Magic
  6447 | D:6      | Reached XP level 8. HP: 37/46 MP: 1/17
  6735 | D:6      | Found a blossoming altar of Fedhas.
  6750 | D:6      | Found a runed translucent door.
  6750 | D:6      | Noticed 0netwelve's ghost (novice HOMo)
  6984 | D:6      | Reached skill level 8 in Air Magic
  8428 | D:6      | Reached XP level 9. HP: 51/51 MP: 11/20
  8507 | D:6      | Killed Dowan
  9082 | D:7      | Found a staircase to the Ecumenical Temple.
  9153 | Temple   | Entered the Ecumenical Temple
  9332 | Temple   | Became a worshipper of Gozag Ym Sagoz the Greedy
  9498 | D:7      | Reached skill level 9 in Air Magic
  9823 | D:7      | Found a runed translucent door.
  9824 | D:7      | Noticed a deep elf pyromancer
 10362 | D:7      | Identified the +9 war axe of Firrim {antimagic, rElec rPois
                  | Str+4}
 10486 | D:7      | Found a runed translucent door.
 10487 | D:7      | Noticed Crazy Yiuf
 10640 | D:7      | Noticed a gargoyle
 10640 | D:7      | Noticed a two-headed ogre
 10640 | D:7      | Noticed a two-headed ogre
 10640 | D:7      | Noticed a troll
 10640 | D:7      | Noticed a two-headed ogre
 10720 | D:8      | Found Hyfeunwa's Jewellery Shop.
 10734 | D:8      | Bought the ring of Eternity {Drain Fly rN+ Str+3 Int+2} for
                  | 340 gold pieces
 10734 | D:8      | Bought a ring of see invisible for 150 gold pieces
 10737 | D:8      | Noticed Joseph
 10745 | D:8      | Killed Joseph
 11166 | D:8      | Found Geniethe's Book Boutique.
 11175 | D:8      | Found Xofuc's Gadget Gallery.
 11180 | D:8      | You are sucked into a shaft and drop 3 floors!
 11228 | D:11     | Noticed a two-headed ogre
 11231 | D:11     | Killed a two-headed ogre
 11232 | D:11     | Reached skill level 10 in Air Magic
 11232 | D:11     | Reached XP level 10. HP: 56/56 MP: 9/23
 11323 | D:11     | Noticed a deep elf pyromancer
 11326 | D:11     | Killed a deep elf pyromancer
 11439 | D:11     | Noticed Erolcha
 11446 | Abyss:1  | Cast into level 1 of the Abyss (Erolcha)
 11459 | Abyss:1  | Noticed a rakshasa
 11492 | Abyss:1  | Found a corrupted altar of Lugonu.
 11536 | Abyss:1  | Noticed a demonic crawler
 11552 | Abyss:1  | Noticed a smoke demon
 11622 | Abyss:1  | Found a hazy altar of Hepliaklqana.
 11626 | Abyss:1  | Noticed a glowing orange brain
 11641 | Abyss:1  | Noticed a wretched star
 11648 | D:11     | Escaped the Abyss
 11651 | D:11     | Killed Erolcha
 11652 | D:11     | Reached skill level 11 in Air Magic
 12011 | D:11     | Reached skill level 10 in Spellcasting
 12422 | D:11     | Noticed a skeletal warrior
 12429 | D:11     | Killed a skeletal warrior
 12451 | D:11     | Noticed a skeletal warrior
 12543 | D:11     | Noticed a skeletal warrior
 12545 | D:11     | Slain by a skeletal warrior

Illustrated notes

Levels and vault maps discovered:
D:1:      lightli_iron_boxes, layout_loops_corners
D:2:      layout_loops_ring, columned_hall_lemuel,
          chequers_serial_rivers_micro_a, st_stairs_10, kennysheep_potato,
          uniq_terence
D:3:      layout_rooms, st_stairs_6, minmay_misc_feat_encased, minivault_25,
          uniq_natasha
D:4:      layout_loops_ring, uniq_sigmund, uniq_menkaure
D:5:      layout_loops_ring, uniq_duvessa
D:6:      layout_basic, kennysheep_mini, portal_sewer_entry_d,
          hellmonk_ghost_happy_afterlife, uniq_grinder
D:7:      minmay_the_grid_triangle_9x9_recursive_2
          [minmay_the_grid_triangle_9x9_prize_top_heavy,
          minmay_the_grid_triangle_9x9_descending_squares,
          minmay_the_grid_triangle_9x9_wacky_v,
          minmay_the_grid_triangle_9x9_fully_insulated_deathbox],
          layout_loops_corners, temple_pool_b, kennysheep_small_square,
          uniq_crazy_yiuf_cottage
D:8:      kennysheep_ambush_hall, layout_basic, serial_shops, shop_statue, shop,
          shop, nicolae_diamond_shop, nicolae_shop_gadgets, uniq_joseph
D:11:     layout_roguey, hiddenorc2_lemuel, uniq_erolcha
Temple:   mainiacjoe_temple_hex_bubbles

Skill      XL: |  1  2  3  4  5  6  7  8  9 10 |
---------------+-------------------------------+-----
Spellcasting   | 3 4 6 7 9 10 | 10.3
Air Magic      | 4 5 7 8 10 11 | 11.4
Dodging        | |  2.0
Stealth        | |  2.6
Conjurations   | |  1.0

Action                     |  1- 3 |  4- 6 |  7- 9 | 10-12 || total
---------------------------+-------+-------+-------+-------++-------
  Melee: Unarmed           |     9 |       |       |       ||     9
         Tentacles         |     3 |       |     9 |       ||    12
         Constrict         |     4 |     1 |    11 |       ||    16
         Dagger            |     2 |     6 |    31 |       ||    39
   Cast: Shock             |    71 |   112 |   102 |       ||   285
         Static Discharge  |       |     7 |    16 |       ||    23
         Airstrike         |       |       |    84 |    43 ||   127
  Evoke: Wand              |       |     7 |     8 |     2 ||    17
    Use: Scroll            |       |    10 |     9 |     2 ||    21
         Potion            |       |     4 |     4 |     1 ||     9
 Armour: Skin              |     1 |       |    16 |       ||    17
  Dodge: Dodged            |     8 |    26 |    59 |    14 ||   107

Table legend: (Time is in decaauts)
 A = Elapsed time spent in this place.
 B = Non-inter-level travel time spent in this place.
 C = Inter-level travel time spent in this place.
 D = Time resting spent in this place.
 E = Time spent auto-exploring this place.
 F = Levels seen in this place.
 G = Mean time per level.
                   A        B        C        D        E       F      G
               +--------+--------+--------+--------+--------+-----+--------+
         Total |  12524 |  12097 |    427 |   2310 |   8401 |  13 |  963.4 |
       Dungeon |  11874 |  11469 |    405 |   2138 |   8150 |   9 | 1319.3 |
        Temple |    193 |    172 |     21 |      0 |    170 |   1 |  193.0 |
         Abyss |    181 |    181 |      0 |      0 |     11 |   2 |   90.5 |
         Sewer |    274 |    274 |      0 |    172 |     70 |   1 |  274.0 |
               +--------+--------+--------+--------+--------+-----+--------+

Top non-repeatable levels by time:
     D:6: 2034 daAuts
     D:4: 1563 daAuts
     D:1: 1498 daAuts
     D:5: 1492 daAuts
     D:2: 1460 daAuts
    D:11: 1162 daAuts
     D:7: 1125 daAuts
     D:3: 1073 daAuts
     D:8: 463 daAuts
   Sewer: 274 daAuts
  Temple: 193 daAuts
 Abyss:1: 174 daAuts
 Abyss:2: 6 daAuts
